 Dungeon Crawl Stone Soup version 0.16.2-2-g470672f (webtiles) character file.

2515 monobi the Covered (level 9, 0/78 HPs)
             Began as a Minotaur Monk on Sept 2, 2015.
             Was a Follower of Nemelex Xobeh.
             Succumbed to a killer bee's poison
             ... on level 7 of the Dungeon.
             The game lasted 00:45:52 (7622 turns).

monobi the Covered (Minotaur Monk)                  Turns: 7622, Time: 00:45:52

Health: 0/78       AC: 25    Str: 16    XL:     9   Next: 29%
Magic:  4/4        EV:  2    Int:  5    God:    Nemelex Xobeh [*.....]
Gold:   77         SH: 11    Dex: 21    Spells: 0 memorised, 8 levels left

rFire  . . .     SeeInvis .       - Unarmed
rCold  . . .     Clarity  .     x - +0 crystal plate armour
rNeg   . . .     SustAb   .     i - +0 shield
rPois  .         Gourm    .     (helmet restricted)
rElec  .         Spirit   .     D - +0 cloak
rCorr  .         Warding  .     o - +0 pair of gloves
rMut   .         Stasis   .     z - +1 pair of boots
MR     .....                    (no amulet)
Stlth  ..........               f - +5 ring of dexterity
                                c - +2 ring of protection

@: lethally poisoned (0 -> -33), not resistant to hostile enchantments,
extremely unstealthy
A: retaliatory headbutt, horns 2, dopey 1
a: Renounce Religion


You were on level 7 of the Dungeon.
You worshipped Nemelex Xobeh.
Nemelex Xobeh was aware of your devotion.
You were very hungry.

You visited 1 branch of the dungeon, and saw 7 of its levels.

You collected 213 gold pieces.
You spent 136 gold pieces at shops.

Inventory:

Hand weapons
 e - a +0 whip of draining
 q - a cursed -3 dagger
 r - a +3 quarterstaff of chaos
 K - a +2 dagger of venom
Missiles
 Q - 4 tomahawks (quivered)
Armour
 i - a +0 shield (worn)
 o - a +0 pair of gloves (worn)
 x - a +0 crystal plate armour (worn)
 z - a +1 pair of boots (worn)
 D - a +0 cloak (worn)
 F - a +1 chain mail of cold resistance
Magical staves
 v - an uncursed staff of power
Jewellery
 a - a cursed ring of loudness
 c - a +2 ring of protection (left hand)
 f - a +5 ring of dexterity (right hand)
 h - a +3 ring of dexterity
 j - an uncursed ring of flight
 n - an uncursed ring of sustain abilities
Magical devices
 s - a wand of polymorph (14)
 C - a wand of heal wounds (5)
 H - a wand of slowing (22)
Scrolls
 k - 3 scrolls of teleportation
 l - 2 scrolls of remove curse
 m - a scroll of recharging {unknown}
 p - a scroll of amnesia
 t - a scroll of enchant armour {unknown}
 w - 2 scrolls of fog
 y - a scroll of random uselessness {unknown}
 A - a scroll of magic mapping
 B - 4 scrolls of identify
 E - 2 scrolls of immolation {unknown}
 I - a scroll of noise {unknown}
 J - a scroll of fear
 N - a scroll of enchant weapon
Potions
 g - a potion of haste
Miscellaneous
 d - a plain deck of war {drawn: 2}
 M - a plain deck of escape
Comestibles
 b - 4 bread rations
 u - 2 meat rations
 G - 2 beef jerkies
 R - a slice of pizza


   Skills:
 + Level 6.7 Fighting
 * Level 7.7 Armour
 + Level 6.5 Dodging
 - Level 2.0 Stealth
 * Level 6.8 Shields
 + Level 7.5 Unarmed Combat
 + Level 0.4 Invocations


You had 8 spell levels left.
You didn't know any spells.

Dungeon Overview and Level Annotations

Branches:
Dungeon (7/15)
 Temple: D:4-7

Altars:
Elyvilon
Fedhas
Kikubaaqudgha
Nemelex Xobeh
Okawaru
Sif Muna
Trog

Shops:
D:6 *


Innate Abilities, Weirdness & Mutations

You reflexively headbutt those who attack you in melee.
You have a pair of horns on your head.
You are dopey. (Int -2)


Message History

Your enchanted hand axe is destroyed!
The killer bee buzzes angrily.
* * * LOW HITPOINT WARNING * * *
You feel very sick.
The killer bee stings you but does no damage.
You block the killer bee's attack.
The killer bee stings you but does no damage.
Drink which item? (? for menu, Esc to quit)
Okay, then.
Read which item? (? for menu, Esc to quit)
As you read the scroll labeled KENOYT JUGY, it crumbles to dust.
You feel aware of your surroundings.
It was a scroll of magic mapping.
* * * LOW HITPOINT WARNING * * *
You feel very sick. You block the killer bee's attack.
The killer bee stings you but does no damage.
You block the killer bee's attack. The killer bee completely misses you.
Your surroundings suddenly seem different.
You die...
Your body disappears without a glow.

.#.....###+##)...# **,,,,,**,,
.##'####.........# **,,,,,**,,
.'....+..........# *,,,,,,,,,,
.#....#..........# *,,,,,,,,,,
.#....#..........# *,,,,,,**,,
.#....###+####'#########****'**+*
.##+###.................,,,,,,*,,
.#.......................,,,,,*,,
.+..............@........,,,,,*,,
.#[.......................,,,,',,
.#............<..........,,,,,*,,
.#....>...................,,,,***
,#.....####+###.....#+###,,,,,,,,
,+...<.+......#.....#,,,*,,,,,,,,
,#.....#......#.....#,,,',,,,,,,,
,#.....#......#.....#,,,*,,,,,,,,
,+.....'......#.....',,,*,,,,,,,,


There were no monsters in sight!

Vanquished Creatures
  An ugly thing (D:7)
  Eustachio (D:5)
  2 orc warriors
  2 sky beasts
  An ice beast (D:5)
  A phantom (D:6)
  Sigmund (D:3)
  2 ogres
  A wyvern zombie (D:6)
  A killer bee (D:7)
  A goliath beetle (D:6)
  A crimson imp (D:6)
  2 giant frog zombies (D:5)
  A centaur zombie (D:6)
  An orc priest (D:6)
  10 orc wizards
  2 hounds (D:6)
  Crazy Yiuf (D:4)
  An iguana (D:5)
  A jelly (D:5)
  2 giant frog skeletons (D:5)
  Natasha (thrice) (D:5)
  A gnoll shaman (D:4)
  7 worker ants
  A hound skeleton (D:5)
  A hound zombie (D:5)
  4 worker ant zombies
  9 gnolls
  6 adders
  A shadow imp (D:5)
  2 worms
  2 oozes
  24 orcs
  5 ball pythons
  A bat zombie (D:7)
  3 giant cockroaches (D:1)
  18 goblins
  7 hobgoblins
  7 jackals
  2 quokkas (D:2)
  16 bats
  6 giant geckos
  A giant gecko skeleton (D:4)
  2 giant newts (D:3)
  14 kobolds
  A quokka skeleton (D:5)
  12 rats
  A rat zombie (D:6)
193 creatures vanquished.

Vanquished Creatures (others)
  A dancing weapon (D:7)
1 creature vanquished.

Grand Total: 194 creatures vanquished

Notes
Turn   | Place    | Note
--------------------------------------------------------------
     0 | D:1      | monobi, the Minotaur Monk, began the quest for the Orb.
     0 | D:1      | Reached XP level 1. HP: 19/19 MP: 1/1
   340 | D:1      | Reached XP level 2. HP: 18/27 MP: 1/1
  1311 | D:2      | Reached XP level 3. HP: 28/33 MP: 2/2
  1340 | D:2      | Found a blossoming altar of Fedhas.
  1966 | D:3      | Noticed Sigmund
  1986 | D:3      | Killed Sigmund
  1986 | D:3      | Reached skill level 5 in Unarmed Combat
  1986 | D:3      | Reached XP level 4. HP: 24/41 MP: 2/2
  2002 | D:3      | Found a white marble altar of Elyvilon.
  2015 | D:3      | Became a worshipper of Elyvilon the Healer
  2015 | D:3      | Acquired Elyvilon's first power
  2015 | D:3      | Acquired Elyvilon's second power
  2148 | D:3      | Reached skill level 5 in Fighting
  2148 | D:3      | Reached XP level 5. HP: 43/48 MP: 2/2
  2152 | D:3      | Found a bloodstained altar of Trog.
  2344 | D:3      | Reached skill level 1 in Armour
  3128 | D:4      | Reached XP level 6. HP: 16/56 MP: 1/3
  3128 | D:4      | HP: 4/84 [gnoll/halberd (12)]
  3345 | D:4      | Reached skill level 1 in Shields
  4056 | D:4      | Reached skill level 5 in Dodging
  4172 | D:4      | Reached XP level 7. HP: 59/61 MP: 3/3
  4178 | D:4      | Found a deep blue altar of Sif Muna.
  4342 | D:4      | Noticed Crazy Yiuf
  4347 | D:4      | Killed Crazy Yiuf
  4383 | D:4      | Acquired Elyvilon's third power
  4602 | D:5      | Entered Level 5 of the Dungeon
  4615 | D:5      | Noticed Natasha
  4622 | D:5      | Killed Natasha
  4753 | D:5      | Noticed Eustachio
  4780 | D:5      | Killed Eustachio
  4786 | D:5      | Reached skill level 6 in Unarmed Combat
  4901 | D:5      | Found a sparkling altar of Nemelex Xobeh.
  4974 | D:5      | Fell from the grace of Elyvilon
  4974 | D:5      | Became a worshipper of Nemelex Xobeh the Trickster
  5129 | D:5      | Noticed Natasha
  5139 | D:5      | Killed Natasha
  5139 | D:5      | Reached skill level 5 in Armour
  5168 | D:5      | Received a gift from Nemelex Xobeh
  5185 | D:5      | Reached XP level 8. HP: 68/70 MP: 3/3
  5799 | D:5      | Noticed Natasha
  5803 | D:5      | Killed Natasha
  5927 | D:6      | Found Ujeoneig's General Store.
  5936 | D:6      | Bought a bread ration for 65 gold pieces
  5936 | D:6      | Bought a scroll of identify for 26 gold pieces
  5936 | D:6      | Bought a scroll of fear for 45 gold pieces
  6278 | D:6      | Reached skill level 5 in Shields
  6311 | D:6      | Found an iron altar of Okawaru.
  6586 | D:6      | Received a gift from Nemelex Xobeh
  6616 | D:6      | Gained mutation: You are dopey. (Int -2) [mutagenic meat]
  6617 | D:6      | Gained mutation: You are clumsy. (Dex -2) [mutagenic meat]
  6618 | D:6      | Lost mutation: You are clumsy. (Dex -2) [mutagenic meat]
  6625 | D:6      | Found an ancient bone altar of Kikubaaqudgha.
  6794 | D:6      | Reached skill level 7 in Unarmed Combat
  7129 | D:7      | Reached XP level 9. HP: 72/78 MP: 4/4
  7177 | D:7      | Noticed a brown ugly thing
  7207 | D:7      | Killed a green ugly thing
  7621 | D:7      | HP: 3/78 [poisoned by a killer bee]
  7622 | D:7      | Succumbed to a killer bee's poison

Action                   |  1- 3 |  4- 6 |  7- 9 || total
-------------------------+-------+-------+-------++-------
Melee: Unarmed           |    99 |   162 |   363 ||   624
Invok: Lesser Healing    |       |     3 |       ||     3
Evoke: Deck              |       |       |     2 ||     2
       Wand              |       |       |     1 ||     1
  Use: Scroll            |     5 |     3 |     6 ||    14
       Potion            |     2 |     1 |     8 ||    11
 Stab: Sleeping          |     1 |       |       ||     1
       Distracted        |     1 |       |       ||     1
  Eat: Bread ration      |     1 |     1 |     1 ||     3
       Beef jerky        |     1 |       |       ||     1
       Chunk             |       |     2 |     9 ||    11
